[Event "Mitropa Cup Women 2024"]
[Site "Apolda"]
[Date "2024.02.15"]
[Round "1.1"]
[White "Heinemann, Josefine"]
[Black "Brunello, Marina"]
[Result "1/2-1/2"]
[ECO "A20"]
[WhiteElo "2361"]
[BlackElo "2345"]
[Annotator "TA"]
[PlyCount "63"]
[EventDate "2024.02.15"]
[EventType "team-tourn"]
[EventCountry "GER"]
[SourceTitle "playchess.com"]
[Source "ChessBase"]
[SourceQuality "1"]
[WhiteTeam "Germany"]
[BlackTeam "Italy"]
[WhiteTeamCountry "GER"]
[BlackTeamCountry "ITA"]
[TimeControl "40/5400+30:1800+30"]

1. c4 e5 2. g3 Nf6 3. Bg2 c6 4. Nf3 e4 5. Nd4 Qb6 6. Nb3 a5 {[%emt 0:06:08][%cal Ba7a5,Ba5a4][%mdl 32] [#] Und jetzt ...a4 wäre schön.} 7. d3 a4 8. N3d2 Bc5 9. O-O e3 10. fxe3 Bxe3+ 11. Kh1 Ng4 12. Ne4 O-O {[%emt 0:07:02] Und ...d5 würde nun gewinnen.} 13. Nbc3 d5 14. cxd5 (14. Nxa4 $2 Rxa4 15. Qxa4 dxe4 $19) 14... Bxc1 15. Qxc1 ({Natürlich nicht} 15. Rxc1 Ne3 16. Qd2 (16. Nxa4 $2 Qa7 $19) 16... cxd5 $17 (16... Nxf1 17. Rxf1 Nd7 18. d4 $15)) 15... Ne3 16. Rf3 Nxd5 17. Qd2 Bg4 18. Nxd5 cxd5 19. Rf4 {[%emt 0:00:11] [#] Nf6+ wäre nun fies.} Be6 20. Ng5 Nc6 (20... h6 {vereinfacht} 21. Nxe6 Qxe6 22. Rd4 Rd8) 21. Raf1 (21. Nxe6 {vereinfacht} fxe6 22. Bh3 Nd4 23. Raf1) 21... Qc5 22. d4 Qe7 23. Nxe6 fxe6 24. e4 {[%emt 0:01:14] Die Stellung ist ausgeglichen.} dxe4 25. Bxe4 Rxf4 26. Qxf4 Nxd4 27. Bxh7+ Kxh7 28. Qxd4 $11 {[%emt 0:00:05] KQR-KQR} a3 29. bxa3 Rxa3 30. Rf2 Kg8 31. Qe4 Qd7 32. Kg2 {[%emt 0:04:57] Gewichteter Fehlerwert: Weiß=0.03 (makellos) /Schwarz=0.03 (makellos) .  Ungenau:       	---       	Schwarz=2     OK:         	Weiß=14    	Schwarz=13    Bester:       	Weiß=1     	Schwarz=2} 1/2-1/2

[Event "Mitropa Cup Women 2024"]
[Site "Apolda"]
[Date "2024.02.15"]
[Round "1.2"]
[White "Zimina, Olga"]
[Black "Schneider, Jana"]
[Result "0-1"]
[ECO "D30"]
[WhiteElo "2291"]
[BlackElo "2331"]
[Annotator "TA"]
[PlyCount "54"]
[EventDate "2024.02.15"]
[EventType "team-tourn"]
[EventCountry "GER"]
[SourceTitle "playchess.com"]
[Source "ChessBase"]
[SourceQuality "1"]
[WhiteTeam "Italy"]
[BlackTeam "Germany"]
[WhiteTeamCountry "ITA"]
[BlackTeamCountry "GER"]
[TimeControl "40/5400+30:1800+30"]

1. d4 d5 2. Nf3 Nf6 3. c4 e6 4. Qc2 Be7 5. g3 c5 6. dxc5 d4 7. a3 a5 8. Bg2 {[%emt 0:03:56] The position is equal.} Nc6 9. O-O e5 10. Rd1 e4 (10... Qc7 $11) 11. Ng5 (11. Ne1 $1 $14) 11... d3 $1 $11 12. exd3 {[%emt 0:05:22] [#]} (12. Nxe4 $2 dxc2 13. Rxd8+ Kxd8 $19) (12. Qd2 $1 $11 {keeps the balance.} Nd4 13. Nc3 (13. exd3 Nb3 $17) (13. Nxe4 dxe2 14. Re1 Nxe4 $15)) 12... Nd4 $1 $17 {[%emt 0:00:19] White is on the road to losing.} 13. Qd2 (13. dxe4 $2 {is the wrong capture.} Nxc2 14. Rxd8+ Bxd8 $19) 13... Nb3 $36 {[%emt 0:01:38][%mdl 2048] Black has strong initiative.} 14. Qe1 Bg4 (14... exd3 15. c6 O-O 16. cxb7 Bxb7 17. Bxb7 $11) 15. Rd2 Nxa1 $19 16. dxe4 (16. h3 {was called for.} e3 17. fxe3) 16... Nd7 17. Rd5 O-O ({Weaker is} 17... Bxc5 18. e5 $17) 18. Be3 $2 (18. b4) 18... Nc2 {[%emt 0:01:10] Black is clearly winning.} 19. Qc3 Nxe3 20. Qxe3 Be6 21. Nxe6 fxe6 22. Rd2 Bxc5 23. Qc3 Qe7 24. Kf1 Nf6 25. h3 {[%emt 0:00:05] Inhibits Ng4.} Rad8 26. e5 Rxd2 27. Nxd2 {[%emt 0:00:53] [#]} Ng4 $1 {[%emt 0:01:04][%mdl 512] Weighted Error Value: White=0.68/Black=0.18 (very precise) .  Mistake:       	White=5     	Black=1      Inaccurate:     	White=1     	---        OK:         	White=5     	Black=5      Best:        	---       	Black=4      Strong:       	---       	Black=2} 0-1

[Event "Mitropa Cup Women 2024"]
[Site "Apolda"]
[Date "2024.02.15"]
[Round "1.3"]
[White "Schulze, Lara"]
[Black "Gueci, Tea"]
[Result "1-0"]
[ECO "B30"]
[WhiteElo "2285"]
[BlackElo "2193"]
[Annotator "NA RC"]
[PlyCount "85"]
[EventDate "2024.02.15"]
[EventType "team-tourn"]
[EventCountry "GER"]
[SourceTitle "playchess.com"]
[Source "ChessBase"]
[SourceQuality "1"]
[WhiteTeam "Germany"]
[BlackTeam "Italy"]
[WhiteTeamCountry "GER"]
[BlackTeamCountry "ITA"]
[TimeControl "40/5400+30:1800+30"]

1. e4 c5 2. Nf3 Nc6 3. Bb5 e5 4. O-O Bd6 5. d3 a6 6. Bc4 Nf6 7. Nc3 b5 8. Bb3 h6 9. Nd5 O-O 10. Be3 Nxd5 11. Bxd5 Rb8 12. Nd2 Ne7 13. Bb3 Ng6 14. Qh5 Qf6 15. Qf5 Kh7 16. Qxf6 gxf6 17. a4 Bb7 18. f3 Be7 19. axb5 axb5 20. Ra7 d6 21. Rfa1 Bd8 22. Nf1 Bb6 23. R7a2 f5 24. exf5 Nh4 25. Ng3 d5 26. c4 bxc4 27. dxc4 d4 28. Bf2 Rfd8 29. Rd1 d3 30. Ba4 Ra8 31. b4 Rac8 32. Rad2 Bxf3 33. gxf3 Nxf3+ 34. Kg2 Nxd2 35. Rxd2 Ra8 36. Bc6 Ra3 37. Ne4 Rc8 38. Bd5 cxb4 39. Bxb6 b3 40. c5 Rg8+ 41. Kf2 Ra2 42. Rxa2 bxa2 43. Bxa2 1-0

[Event "Mitropa Cup Women 2024"]
[Site "Apolda"]
[Date "2024.02.15"]
[Round "1.4"]
[White "Cassi, Elisa"]
[Black "Dolzhykova, Kateryna"]
[Result "0-1"]
[ECO "A07"]
[WhiteElo "2033"]
[BlackElo "2227"]
[Annotator "NA RC"]
[PlyCount "88"]
[EventDate "2024.02.15"]
[EventType "team-tourn"]
[EventCountry "GER"]
[SourceTitle "playchess.com"]
[Source "ChessBase"]
[SourceQuality "1"]
[WhiteTeam "Italy"]
[BlackTeam "Germany"]
[WhiteTeamCountry "ITA"]
[BlackTeamCountry "GER"]
[TimeControl "40/5400+30:1800+30"]

1. Nf3 d5 2. g3 Bg4 3. Bg2 c6 4. O-O Nf6 5. h3 Bh5 6. d4 e6 7. c4 Nbd7 8. cxd5 cxd5 9. Qb3 Qb6 10. Bf4 Rc8 11. Nc3 Be7 12. Qxb6 Nxb6 13. Ne5 Nc4 14. g4 Bg6 15. Rac1 O-O 16. Nxg6 hxg6 17. b3 Na3 18. Rfd1 b5 19. Nb1 Nxb1 20. Rxb1 Rc2 21. Rd2 Rfc8 22. Rxc2 Rxc2 23. Rc1 Rxa2 24. Rc8+ Kh7 25. Rc7 Ng8 26. e4 Ra1+ 27. Kh2 dxe4 28. Bxe4 Rd1 29. Rxa7 Rxd4 30. f3 f5 31. Be3 Rd1 32. Bc6 Rd3 33. Bf4 Rxb3 34. g5 Bc5 35. Rf7 Ne7 36. Bd7 Rb2+ 37. Kh1 Re2 38. Bxb5 Re1+ 39. Kg2 Kg8 40. Be8 Re2+ 41. Kh1 e5 42. Bg3 f4 43. Bxf4 exf4 44. Rxf4 Nf5 0-1

[Event "Mitropa Cup Women 2024"]
[Site "Apolda"]
[Date "2024.02.15"]
[Round "1.5"]
[White "Walter, Ema"]
[Black "Demeter, Dorina"]
[Result "0-1"]
[ECO "C45"]
[WhiteElo "2124"]
[BlackElo "2271"]
[Annotator "NA RC"]
[PlyCount "70"]
[EventDate "2024.02.15"]
[EventType "team-tourn"]
[EventCountry "GER"]
[SourceTitle "playchess.com"]
[Source "ChessBase"]
[SourceQuality "1"]
[WhiteTeam "Slovakia"]
[BlackTeam "Hungary"]
[WhiteTeamCountry "SVK"]
[BlackTeamCountry "HUN"]
[TimeControl "40/5400+30:1800+30"]

1. e4 e5 2. Nf3 Nc6 3. d4 exd4 4. Nxd4 Nf6 5. Nxc6 bxc6 6. Bd3 d5 7. exd5 cxd5 8. O-O Be7 9. Re1 O-O 10. h3 h6 11. Nd2 c5 12. b3 Be6 13. Bb2 Rb8 14. Be5 Bd6 15. Nf3 Re8 16. c4 d4 17. Qc2 Bxe5 18. Nxe5 Qc7 19. Bf5 Rb6 20. Rad1 Bxf5 21. Qxf5 g6 22. Nxg6 Rxe1+ 23. Rxe1 fxg6 24. Qxg6+ Qg7 25. Qf5 Rd6 26. Qc8+ Qf8 27. Qxc5 d3 28. Qxa7 d2 29. Rd1 Qe8 30. Kh2 Qe5+ 31. g3 Qe2 32. Qb8+ Kg7 33. Qxd6 Qxf2+ 34. Kh1 Qf3+ 35. Kh2 Qe2+ 0-1

[Event "Mitropa Cup Women 2024"]
[Site "Apolda"]
[Date "2024.02.15"]
[Round "1.6"]
[White "Terbe, Zsuzsanna"]
[Black "Sankova, Stella"]
[Result "1-0"]
[ECO "E51"]
[WhiteElo "2170"]
[BlackElo "2124"]
[Annotator "NA RC"]
[PlyCount "105"]
[EventDate "2024.02.15"]
[EventType "team-tourn"]
[EventCountry "GER"]
[SourceTitle "playchess.com"]
[Source "ChessBase"]
[SourceQuality "1"]
[WhiteTeam "Hungary"]
[BlackTeam "Slovakia"]
[WhiteTeamCountry "HUN"]
[BlackTeamCountry "SVK"]
[TimeControl "40/5400+30:1800+30"]

1. d4 Nf6 2. c4 e6 3. Nc3 Bb4 4. e3 O-O 5. Bd2 d5 6. Nf3 b6 7. cxd5 exd5 8. Rc1 Bf5 9. Ne5 Bd6 10. Be2 Bxe5 11. dxe5 Ne4 12. O-O c5 13. f3 Nxc3 14. Bxc3 Nc6 15. Qa4 Qg5 16. f4 Qg6 17. Bf3 Rfd8 18. Kh1 Ne7 19. h3 Bd7 20. Qb3 Nf5 21. Be1 Bc6 22. g4 Ne7 23. Bh4 Qe6 24. Kh2 Rd7 25. Qc2 Ng6 26. Bg3 Qe7 27. Rf2 h6 28. Rd1 Rad8 29. Rfd2 Nf8 30. f5 Qg5 31. Qb3 c4 32. Qc3 g6 33. Bf4 Qh4 34. Bg3 Qe7 35. Rd4 Qc5 36. Qc2 Qa5 37. Qb1 b5 38. Bh4 Re8 39. Bxd5 Bxd5 40. Rxd5 Rxd5 41. Rxd5 c3 42. bxc3 Qxc3 43. Qb3 Qc1 44. Rd1 Qc6 45. Bg3 Qf3 46. Qd3 Rc8 47. Rf1 Qc6 48. Rf2 Qa6 49. Qd6 Rc6 50. Qe7 gxf5 51. gxf5 Qc8 52. e6 fxe6 53. Be5 1-0

[Event "Mitropa Cup Women 2024"]
[Site "Apolda"]
[Date "2024.02.15"]
[Round "1.7"]
[White "Sevcikova, Lucia"]
[Black "Ivan-Gal, Hanna Krisztina"]
[Result "1/2-1/2"]
[ECO "D34"]
[WhiteElo "2007"]
[BlackElo "2191"]
[Annotator "NA RC"]
[PlyCount "80"]
[EventDate "2024.02.15"]
[EventType "team-tourn"]
[EventCountry "GER"]
[SourceTitle "playchess.com"]
[Source "ChessBase"]
[SourceQuality "1"]
[WhiteTeam "Slovakia"]
[BlackTeam "Hungary"]
[WhiteTeamCountry "SVK"]
[BlackTeamCountry "HUN"]
[TimeControl "40/5400+30:1800+30"]

1. d4 d5 2. c4 e6 3. Nc3 c5 4. cxd5 exd5 5. Nf3 Nc6 6. g3 Nf6 7. Bg2 Be7 8. dxc5 Bxc5 9. O-O O-O 10. Bg5 d4 11. Bxf6 Qxf6 12. Ne4 Qe7 13. Nxc5 Qxc5 14. Qd2 Bg4 15. Rac1 Qb6 16. h3 Be6 17. b3 Rad8 18. Ne1 Qb4 19. Rc2 Qd6 20. Nd3 Bd5 21. Bxd5 Qxd5 22. Rfc1 Rfe8 23. Nf4 Qe4 24. Qd3 Qe7 25. Qf5 g6 26. Qc5 Kg7 27. Qxe7 Rxe7 28. Nd3 Rde8 29. Kf1 h5 30. h4 Nd8 31. Nf4 Nc6 32. a3 d3 33. exd3 Nd4 34. Rb2 Rd7 35. b4 Red8 36. Kg2 Kf6 37. Rc5 Ne6 38. Rc4 Nxf4+ 39. Rxf4+ Kg7 40. Re2 Rxd3 1/2-1/2

[Event "Mitropa Cup Women 2024"]
[Site "Apolda"]
[Date "2024.02.15"]
[Round "1.8"]
[White "Karacsonyi, Kata"]
[Black "Sekova, Olivia"]
[Result "1-0"]
[ECO "B56"]
[WhiteElo "2087"]
[BlackElo "2054"]
[Annotator "NA RC"]
[PlyCount "74"]
[EventDate "2024.02.15"]
[EventType "team-tourn"]
[EventCountry "GER"]
[SourceTitle "playchess.com"]
[Source "ChessBase"]
[SourceQuality "1"]
[WhiteTeam "Hungary"]
[BlackTeam "Slovakia"]
[WhiteTeamCountry "HUN"]
[BlackTeamCountry "SVK"]
[TimeControl "40/5400+30:1800+30"]

1. e4 c5 2. Nf3 d6 3. d4 cxd4 4. Nxd4 Nf6 5. Nc3 Nc6 6. f3 e5 7. Nb3 Be7 8. Be3 O-O 9. Qd2 a5 10. Na4 Be6 11. Nb6 Rb8 12. O-O-O a4 13. Nxa4 b5 14. Nc3 Bxb3 15. cxb3 Qa5 16. Kb1 b4 17. Na4 Rfc8 18. g4 Nd7 19. Bc4 Nd4 20. Bxd4 exd4 21. Qxd4 Nc5 22. Qd5 Rf8 23. e5 Rbd8 24. Nxc5 dxc5 25. Qb7 Bg5 26. Rd7 Rxd7 27. Qxd7 Qa8 28. Qf5 Qd8 29. f4 Be7 30. Qe4 Qd2 31. e6 f6 32. Rf1 Kh8 33. Qb7 Qd6 34. Qd7 f5 35. Qxd6 Bxd6 36. Rd1 Be7 37. Rd7 Bf6 1-0

[Event "Mitropa Cup Women 2024"]
[Site "Apolda"]
[Date "2024.02.15"]
[Round "1.9"]
[White "Cvitan, Ena"]
[Black "Hakimifard, Ghazal"]
[Result "1/2-1/2"]
[ECO "E12"]
[WhiteElo "2242"]
[BlackElo "2243"]
[Annotator "TA"]
[PlyCount "96"]
[EventDate "2024.02.15"]
[EventType "team-tourn"]
[EventCountry "GER"]
[SourceTitle "playchess.com"]
[Source "ChessBase"]
[SourceQuality "1"]
[WhiteTeam "Croatia"]
[BlackTeam "Switzerland"]
[WhiteTeamCountry "CRO"]
[BlackTeamCountry "SUI"]
[TimeControl "40/5400+30:1800+30"]

1. d4 Nf6 2. c4 e6 3. Nf3 b6 4. a3 Ba6 5. Qb3 d5 6. cxd5 Nxd5 (6... Qxd5 $11 7. Qxd5 exd5) 7. e4 $14 {[%emt 0:03:44] And now Bxa6 would win.} Bxf1 8. Kxf1 {[%emt 0:01:15] White is slightly better.} Nf6 9. Nc3 Be7 10. g3 O-O 11. Kg2 c6 12. Bf4 Nbd7 13. Rad1 Qc8 14. h4 h6 15. Qc2 Re8 16. Qd2 Bf8 17. e5 Nd5 18. g4 c5 19. g5 h5 $1 {[%emt 0:17:35] [#]} 20. g6 $1 $36 {[%emt 0:02:24][%mdl 2048] Black is under pressure.} fxg6 21. Nxd5 exd5 22. dxc5 Nxc5 23. Qxd5+ Qe6 24. Ng5 Qxd5+ 25. Rxd5 Ne6 (25... Rac8 $14) 26. Nxe6 $16 Rxe6 27. Rc1 $1 {[%emt 0:01:53] Repels Rc8} Be7 28. Rc7 a5 29. Rdd7 Bf8 30. Kf3 Rae8 31. a4 {[%emt 0:00:39] White has more active pieces.} R8e7 32. Rxe7 (32. Ke4 $18) 32... Bxe7 $18 {[%emt 0:00:10][%mdl 4096] Endgame. KRB-KRB} 33. Bg3 g5 34. hxg5 Bxg5 35. Ke4 h4 {[%emt 0:01:31] [#]} 36. Bh2 Re7 (36... Bd8 $16 {is a better defense.} 37. Kf5 Re8) 37. Rxe7 ({White has to play} 37. Rc8+ $18 Kh7 38. Kf5 (38. f4 Bh6 $18)) 37... Bxe7 {[%emt 0:00:01] KB-KB} 38. Kf5 Bc5 $1 39. f4 {[%emt 0:01:24] Kg4 is the strong threat.} Kf7 $2 {[%emt 0:00:49] [#]} (39... Bf2 $1 $11 {and Black stays safe.} 40. Ke6 Bc5) 40. Kg4 $1 Bf2 41. f5 g6 {[%emt 0:21:06] ...gxf5+ would now be deadly.} 42. f6 (42. e6+ $18 Ke7 43. fxg6 Kxe6 44. Be5) 42... Ke6 $11 {[%emt 0:01:48] The position is equal.} 43. Kg5 Kf7 ({Avoid the trap} 43... Bg3 $2 44. Kxg6 (44. Bxg3 $2 hxg3 45. Kh6 Kf7 $19) 44... Bxh2 45. f7 $18) 44. Kg4 {[%emt 0:00:40] Dodges Bg3} Ke6 45. Bf4 Kf7 46. b3 Ke6 47. Bg5 Bg3 48. Bf4 Bf2 {[%emt 0:00:02] Weighted Error Value: White=0.13 (very precise) /Black=0.15 (very precise) .  Loses game:     	---       	Black=1      Missed win:     	White=1     	---        Mistake:       	White=2     	Black=3      Inaccurate:     	White=1     	Black=1      OK:         	White=20    	Black=19     Best:        	White=3     	Black=3      Strong:       	White=2     	Black=2} 1/2-1/2

[Event "Mitropa Cup Women 2024"]
[Site "Apolda"]
[Date "2024.02.15"]
[Round "1.10"]
[White "Georgescu, Lena"]
[Black "Medic, Mirjana"]
[Result "1/2-1/2"]
[ECO "C13"]
[WhiteElo "2268"]
[BlackElo "2151"]
[Annotator "NA RC"]
[PlyCount "89"]
[EventDate "2024.02.15"]
[EventType "team-tourn"]
[EventCountry "GER"]
[SourceTitle "playchess.com"]
[Source "ChessBase"]
[SourceQuality "1"]
[WhiteTeam "Switzerland"]
[BlackTeam "Croatia"]
[WhiteTeamCountry "SUI"]
[BlackTeamCountry "CRO"]
[TimeControl "40/5400+30:1800+30"]

1. e4 e6 2. d4 d5 3. Nc3 Nf6 4. Bg5 dxe4 5. Nxe4 Be7 6. Bxf6 gxf6 7. Nc3 f5 8. Qd2 a6 9. g3 Qd6 10. Bg2 Nd7 11. O-O-O Nb6 12. Qe2 Bd7 13. Nf3 Bc6 14. Rhg1 Nd5 15. Nxd5 Bxd5 16. Kb1 O-O-O 17. Ne5 Bxg2 18. Rxg2 Rhf8 19. Rgg1 Qb6 20. c3 Rd5 21. h3 Bf6 22. Nd3 a5 23. g4 fxg4 24. hxg4 Bg7 25. Rh1 h6 26. Nf4 Rg5 27. Nh5 Bh8 28. Ng3 Rg6 29. Qf3 Bf6 30. Nh5 Be7 31. Rhe1 a4 32. Nf4 Rf6 33. Qe3 Bd6 34. Nd3 Rg8 35. f3 Qc6 36. Rf1 a3 37. Ne5 Qa6 38. b3 Rd8 39. Rh1 Bf8 40. Rhe1 Bd6 41. Rh1 Bf8 42. f4 Bd6 43. c4 Rg8 44. Rdf1 Qa5 45. Kc2 1/2-1/2

[Event "Mitropa Cup Women 2024"]
[Site "Apolda"]
[Date "2024.02.15"]
[Round "1.11"]
[White "Berke, Ana"]
[Black "Hryzlova, Sofiia"]
[Result "0-1"]
[ECO "C07"]
[WhiteElo "2092"]
[BlackElo "2196"]
[Annotator "NA RC"]
[PlyCount "92"]
[EventDate "2024.02.15"]
[EventType "team-tourn"]
[EventCountry "GER"]
[SourceTitle "playchess.com"]
[Source "ChessBase"]
[SourceQuality "1"]
[WhiteTeam "Croatia"]
[BlackTeam "Switzerland"]
[WhiteTeamCountry "CRO"]
[BlackTeamCountry "SUI"]
[TimeControl "40/5400+30:1800+30"]

1. e4 e6 2. d4 d5 3. Nd2 c5 4. Ngf3 cxd4 5. exd5 Qxd5 6. Bc4 Qd6 7. O-O Nf6 8. Nb3 Nc6 9. Nbxd4 Nxd4 10. Qxd4 Qxd4 11. Nxd4 Bc5 12. Nf3 O-O 13. Bf4 b6 14. Rad1 Bb7 15. Be2 Rfd8 16. Ne5 Be4 17. Nd3 Be7 18. c4 Ne8 19. f3 Bb7 20. b3 f6 21. Be3 Rac8 22. Rd2 Nd6 23. g4 Nf7 24. Rfd1 e5 25. Nf2 Bc6 26. Kf1 g6 27. Rxd8+ Nxd8 28. Ne4 Ne6 29. Nc3 Kf7 30. Nd5 Bc5 31. b4 Bxe3 32. Nxe3 Nd4 33. Kf2 f5 34. c5 bxc5 35. bxc5 Nxe2 36. Kxe2 Bb5+ 37. Kf2 f4 38. Nd5 Rxc5 39. Nb4 Ke6 40. h4 a5 41. Nd3 Rc2+ 42. Kg1 Bxd3 43. Rxd3 Rxa2 44. Rd8 a4 45. Rh8 a3 46. Rxh7 Rb2 0-1

[Event "Mitropa Cup Women 2024"]
[Site "Apolda"]
[Date "2024.02.15"]
[Round "1.12"]
[White "Manko, Mariia"]
[Black "Vujnovic, Patricija"]
[Result "1-0"]
[ECO "E11"]
[WhiteElo "2128"]
[BlackElo "2104"]
[Annotator "NA RC"]
[PlyCount "121"]
[EventDate "2024.02.15"]
[EventType "team-tourn"]
[EventCountry "GER"]
[SourceTitle "playchess.com"]
[Source "ChessBase"]
[SourceQuality "1"]
[WhiteTeam "Switzerland"]
[BlackTeam "Croatia"]
[WhiteTeamCountry "SUI"]
[BlackTeamCountry "CRO"]
[TimeControl "40/5400+30:1800+30"]

1. d4 d5 2. c4 e6 3. Nf3 Nf6 4. g3 Bb4+ 5. Bd2 a5 6. Bg2 dxc4 7. O-O Nc6 8. a3 Be7 9. Qa4 O-O 10. Qxc4 Qd5 11. Qd3 Qf5 12. Qxf5 exf5 13. Nc3 Be6 14. Bf4 Nd5 15. Rac1 Rfc8 16. Nd2 Nxf4 17. gxf4 Nd8 18. d5 Bd7 19. Nc4 Bd6 20. Ne5 Be8 21. Bh3 f6 22. Nd3 g6 23. e4 fxe4 24. Bxc8 exd3 25. Rce1 Kf8 26. Bh3 Bxf4 27. Re4 Be5 28. Rd1 Nf7 29. Rxd3 Ng5 30. Re1 Rd8 31. Bf1 Bd7 32. h4 Nf7 33. Bh3 f5 34. Ne2 Bf6 35. Nd4 Bxh4 36. Rc3 Bf6 37. Ne6+ Bxe6 38. dxe6 Ng5 39. Bg2 c6 40. Rb3 Rd6 41. e7+ Bxe7 42. Rxb7 Bf6 43. Rc1 f4 44. Rxc6 Rd1+ 45. Kh2 Bd8 46. Rc4 Ne6 47. Re4 Rd6 48. Bh3 Ng5 49. Rxf4+ Bf6 50. Rc4 Rd2 51. Rc8+ Bd8 52. Kg2 Ke8 53. Rc5 Rxf2+ 54. Kxf2 Ne4+ 55. Ke3 Nxc5 56. Rxh7 Bf6 57. b4 axb4 58. axb4 Nb3 59. b5 Kd8 60. Ke4 Nd4 61. Rd7+ 1-0

[Event "Mitropa Cup Women 2024"]
[Site "Apolda"]
[Date "2024.02.15"]
[Round "1.13"]
[White "Iglesias, Yosha"]
[Black "Polterauer, Chiara"]
[Result "1-0"]
[ECO "D02"]
[WhiteElo "2260"]
[BlackElo "2189"]
[Annotator "NA RC"]
[PlyCount "87"]
[EventDate "2024.02.15"]
[EventType "team-tourn"]
[EventCountry "GER"]
[SourceTitle "playchess.com"]
[Source "ChessBase"]
[SourceQuality "1"]
[WhiteTeam "France"]
[BlackTeam "Austria"]
[WhiteTeamCountry "FRA"]
[BlackTeamCountry "AUT"]
[TimeControl "40/5400+30:1800+30"]

1. d4 Nf6 2. Nf3 g6 3. Bf4 Bg7 4. e3 O-O 5. Be2 d5 6. h3 b6 7. c3 Bb7 8. O-O Nbd7 9. a4 a5 10. Qb3 c5 11. Bb5 c4 12. Qa2 Ne4 13. b3 cxb3 14. Qxb3 Ndf6 15. Rc1 Nd6 16. Bf1 Ba6 17. Bxa6 Rxa6 18. Na3 e6 19. Rab1 Qe7 20. Bxd6 Qxd6 21. c4 Rc8 22. cxd5 Rxc1+ 23. Rxc1 Nxd5 24. Rc8+ Bf8 25. Nb5 Qd7 26. Qc4 Kg7 27. Ne5 Qb7 28. e4 Ne7 29. Nd6 b5 30. Ne8+ Kg8 31. axb5 Qxc8 32. Qxc8 Nxc8 33. bxa6 a4 34. Nd3 Bh6 35. Nd6 a3 36. Nb4 Na7 37. Nc4 Bc1 38. d5 exd5 39. exd5 Kf8 40. Ne5 Bd2 41. Na2 Ba5 42. Nc4 Bd8 43. Nxa3 Ke7 44. Nc3 1-0

[Event "Mitropa Cup Women 2024"]
[Site "Apolda"]
[Date "2024.02.15"]
[Round "1.14"]
[White "Hapala, Elisabeth"]
[Black "Schippke, Manon"]
[Result "1/2-1/2"]
[ECO "B33"]
[WhiteElo "2001"]
[BlackElo "2162"]
[Annotator "NA RC"]
[PlyCount "90"]
[EventDate "2024.02.15"]
[EventType "team-tourn"]
[EventCountry "GER"]
[SourceTitle "playchess.com"]
[Source "ChessBase"]
[SourceQuality "1"]
[WhiteTeam "Austria"]
[BlackTeam "France"]
[WhiteTeamCountry "AUT"]
[BlackTeamCountry "FRA"]
[TimeControl "40/5400+30:1800+30"]

1. e4 c5 2. Nf3 Nc6 3. d4 cxd4 4. Nxd4 Nf6 5. Nc3 e5 6. Ndb5 d6 7. Bg5 a6 8. Na3 b5 9. Nd5 Be7 10. Bxf6 Bxf6 11. c3 Bg5 12. Nc2 Rb8 13. a4 bxa4 14. Ncb4 Nxb4 15. cxb4 Bd7 16. Bxa6 O-O 17. O-O Bc6 18. Bc4 Qd7 19. b3 axb3 20. Qxb3 Bd2 21. Rfb1 Bxd5 22. Bxd5 Bxb4 23. g3 g6 24. Kg2 Kg7 25. Qxb4 Rxb4 26. Rxb4 h5 27. Rb7 Qc8 28. h4 g5 29. hxg5 h4 30. Raa7 hxg3 31. Rxf7+ Rxf7 32. Rxf7+ Kg6 33. Kxg3 Kxg5 34. Rf5+ Kg6 35. Bf7+ Kg7 36. Bd5 Qc1 37. Kg2 Qd1 38. Rf3 Kg6 39. Bf7+ Kg7 40. Bd5 Qd4 41. Rf5 Qd2 42. Kg3 Kg6 43. Bf7+ Kg7 44. Bd5 Kg6 45. Bf7+ Kg7 1/2-1/2

[Event "Mitropa Cup Women 2024"]
[Site "Apolda"]
[Date "2024.02.15"]
[Round "1.15"]
[White "Navrotescu, Andreea"]
[Black "Mayrhuber, Nikola"]
[Result "1/2-1/2"]
[ECO "A18"]
[WhiteElo "2222"]
[BlackElo "2009"]
[Annotator "NA RC"]
[PlyCount "91"]
[EventDate "2024.02.15"]
[EventType "team-tourn"]
[EventCountry "GER"]
[SourceTitle "playchess.com"]
[Source "ChessBase"]
[SourceQuality "1"]
[WhiteTeam "France"]
[BlackTeam "Austria"]
[WhiteTeamCountry "FRA"]
[BlackTeamCountry "AUT"]
[TimeControl "40/5400+30:1800+30"]

1. c4 Nf6 2. Nc3 e6 3. e4 d5 4. e5 d4 5. exf6 dxc3 6. bxc3 Qxf6 7. d4 e5 8. Nf3 exd4 9. Bg5 Qe6+ 10. Be2 Be7 11. Bxe7 d3 12. O-O Qxe7 13. Bxd3 O-O 14. Qc2 h6 15. Rfe1 Qf6 16. Re3 Nd7 17. Nd4 Ne5 18. Bf1 c5 19. Nb5 Bf5 20. Qe2 Ng4 21. Rg3 Rae8 22. Qf3 Re4 23. Nc7 Ne5 24. Qd1 Be6 25. Nd5 Bxd5 26. Qxd5 Rf4 27. Qxc5 b6 28. Qe3 Ng4 29. Qe2 Nxf2 30. Re1 Ne4 31. Re3 Rf2 32. Qg4 Rf4 33. Qe2 Rf2 34. Qg4 Ng5 35. h4 Ne6 36. Qg3 Rxa2 37. Rf3 Qe7 38. Bd3 Qc5+ 39. Kh1 a5 40. Rf6 Qh5 41. Rexe6 fxe6 42. Rxf8+ Kxf8 43. Qd6+ Kf7 44. Qd7+ Kf8 45. Qd6+ Kf7 46. Qd7+ 1/2-1/2

[Event "Mitropa Cup Women 2024"]
[Site "Apolda"]
[Date "2024.02.15"]
[Round "1.16"]
[White "Katter, Katharina"]
[Black "Blanquet, Camille"]
[Result "1/2-1/2"]
[ECO "D38"]
[WhiteElo "1831"]
[BlackElo "2023"]
[Annotator "NA RC"]
[PlyCount "55"]
[EventDate "2024.02.15"]
[EventType "team-tourn"]
[EventCountry "GER"]
[SourceTitle "playchess.com"]
[Source "ChessBase"]
[SourceQuality "1"]
[WhiteTeam "Austria"]
[BlackTeam "France"]
[WhiteTeamCountry "AUT"]
[BlackTeamCountry "FRA"]
[TimeControl "40/5400+30:1800+30"]

1. d4 Nf6 2. Nf3 e6 3. c4 d5 4. Nc3 Bb4 5. Qa4+ Nc6 6. e3 O-O 7. Bd2 dxc4 8. Bxc4 Bd6 9. Qc2 e5 10. dxe5 Nxe5 11. Nxe5 Bxe5 12. f4 Bxc3 13. Bxc3 Ng4 14. Bd4 c5 15. Bxc5 Re8 16. O-O b6 17. Bd4 Nxe3 18. Bxe3 Rxe3 19. Rad1 Qe7 20. f5 Bb7 21. f6 gxf6 22. Qf5 Qe4 23. Bxf7+ Kxf7 24. Qxf6+ Kg8 25. Qf7+ Kh8 26. Qf6+ Kg8 27. Qf7+ Kh8 28. Qf6+ 1/2-1/2